 Dungeon Crawl Stone Soup version 0.17-a0-1403-g9df874c (webtiles) character file.

2298 Phipi42 the Blocker (level 9, -4/75 HPs)
             Began as a Minotaur Fighter on June 20, 2015.
             Was a Believer of Okawaru.
             Slain by a two-headed ogre
             ... wielding a +0 giant spiked club
             ... created by the rage of Trog
              (37 damage)
             ... on level 7 of the Dungeon.
             The game lasted 01:04:28 (7892 turns).

Phipi42 the Blocker (Minotaur Fighter)              Turns: 7892, Time: 01:04:29

Health: -4/75      AC: 15    Str: 29    XL:     9   Next: 17%
Magic:  8/8        EV:  7    Int:  5    God:    Okawaru [**....]
Gold:   411        SH:  0    Dex: 10    Spells: 0 memorised, 8 levels left

rFire  . . .     SeeInvis .     q - +2 spear (venom)
rCold  . . .     Clarity  .     g - +1 plate armour
rNeg   . . .     SustAt   .     M - +0 large shield
rPois  +         Gourm    .     (helmet restricted)
rElec  .         Spirit   .     i - +0 cloak
rCorr  .         Warding  .     (no gloves)
rMut   .         Rnd*Tele +     (no boots)
MR     +....                    (no amulet)
Stlth  ..........               R - ring of flight
                                Q - ring of protection from magic

@: confused, mighty, somewhat resistant to hostile enchantments, extremely
unstealthy
A: retaliatory headbutt, horns 2, breathe flames 1, poison resistance,
teleportitis 1
a: Heroism, Renounce Religion, Breathe Fire, Evoke Flight


You were on level 7 of the Dungeon.
You worshipped Okawaru.
Okawaru was pleased with you.
You were completely stuffed.

You visited 2 branches of the dungeon, and saw 8 of its levels.
You also visited: Sewer.

You collected 411 gold pieces.

Inventory:

Hand weapons
 a - a +1 long sword
 d - a cursed -2 mace
 e - a +0 quarterstaff of protection
 f - a +0 hand axe
 q - a +2 spear of venom (weapon)
 C - a +3 quarterstaff of chaos
 D - a +0 hammer
Missiles
 h - 77 arrows
 u - 33 bolts
Armour
 b - a +0 scale mail
 c - a +1 shield
 g - a +1 plate armour (worn)
 i - a +0 cloak (worn)
 j - a +0 cloak
 p - a +2 ring mail of cold resistance
 M - a +0 large shield (worn)
Jewellery
 Q - a ring of protection from magic (left hand)
 R - a ring of flight (right hand)
Magical devices
 J - a wand of fire (13)
 P - a wand of teleportation (4)
Scrolls
 m - 3 scrolls of teleportation
 s - 3 scrolls of remove curse
 y - 3 scrolls of magic mapping
 z - 2 scrolls of identify
 A - a scroll of enchant weapon
 G - a scroll of blinking
Potions
 l - 3 potions of brilliance
 r - a potion of lignification {unknown}
 v - a potion of haste
 x - 2 potions of cancellation {unknown}
 E - a potion of flight
 F - a potion of poison {unknown}
 H - 2 potions of curing {unknown}
 I - 2 potions of magic {unknown}
 L - 3 potions of heal wounds
 N - a potion of ambrosia {unknown}
Books
 O - a book of the Warp

   Spells                             Type                      Level
   a - Recall                         Summoning/Translocation      3
   b - Gell's Gravitas                Hexes/Translocation          3
   c - Force Lance                    Conjuration/Translocation    4
   d - Phase Shift                    Translocation                5
   e - Warp Weapon                    Charms/Translocation         5
   f - Summon Forest                  Summoning/Translocation      5
 S - a book of Beasts

   Spells                             Type                      Level
   a - Summon Butterflies             Summoning                    1
   b - Call Canine Familiar           Summoning                    3
   c - Summon Ice Beast               Ice/Summoning                4
   d - Summon Mana Viper              Hexes/Summoning              5
   e - Summon Hydra                   Summoning                    7
Miscellaneous
 k - a plain deck of wonders {Wild Magic}
Comestibles
 n - 2 beef jerkies
 o - 2 royal jellies
 t - 3 meat rations
 w - 2 bread rations
 B - 3 slices of pizza


   Skills:
 + Level 5.7 Fighting
 + Level 3.7 Long Blades
 + Level 3.6 Polearms
 + Level 7.2 Armour
 + Level 6.3 Dodging
 - Level 0.3 Stealth
 + Level 9.7 Shields


You had 8 spell levels left.
You didn't know any spells.

Dungeon Overview and Level Annotations

Branches:
Dungeon (7/15)             Temple (1/1) D:5

Altars:
Ashenzari
Cheibriados
Dithmenos
Elyvilon
Fedhas
Gozag
Kikubaaqudgha
Makhleb
Nemelex Xobeh
Okawaru
Qazlal
Ru
Sif Muna
Trog
Vehumet
Xom
Yredelemnul
Zin
The Shining One


Innate Abilities, Weirdness & Mutations

You reflexively headbutt those who attack you in melee.
You have a pair of horns on your head.
You can breathe flames.
Your system is resistant to poisons.
You are occasionally teleported to nearby monsters.


Message History

The black bear is moderately wounded.
The two-headed ogre hits you with a giant spiked club.
The two-headed ogre hits you with a giant club!
The black bear bites you but does no damage.
The black bear claws you but does no damage. x2
The black bear bites you but does no damage.
The black bear barely misses you. The black bear claws you.
The black bear bites you.
The black bear claws you but does no damage.
The black bear barely misses you.
The black bear bites you but does no damage.
The black bear claws you. x2
The black bear closely misses you.
The black bear claws you but does no damage. x2
The black bear completely misses you.
The black bear claws you but does no damage.
The black bear barely misses you. The black bear bites you!
The black bear claws you but does no damage. x2
The two-headed ogre hits you with a giant spiked club!!!
You die...

+##.....#....#....#..#.....#..##+
..#.....#....#....#..'.....#...#.
..'.....'....+....##'#.....'...'.
#'#.....#....#....#..#.....#...#.
....##'####'##....'..#.....#...#.
....#..+.....'....#..'.....+...#.
....+..#.....#....#..#.....##+##)
....##'##....#..hh#..#..........)
####....####+#..@.#..##+###......
#....#....'.Ohh'...... +......
#....'....#....#...... #......
#....######....####### #......
###### ###### #######


You could see a two-headed ogre (berserk) and 4 black bears.

Vanquished Creatures
  The ghost of Vergil the Skirmisher, an experienced CeFi (D:6)
  The ghost of Dargon the Skirmisher, an average DrTm of Nemelex Xobeh (D:4)
  An orc warrior (D:7)
  An ice beast (D:3)
  A sky beast (D:7)
  2 ogres
  A centaur (D:6)
  3 giant frogs
  A wyvern skeleton (D:6)
  A crimson imp (D:3)
  An orc priest (D:7)
  A giant frog skeleton (D:4)
  2 hounds
  Crazy Yiuf (D:5)
  7 orc wizards
  3 worker ants
  3 iguanas
  2 gnolls (D:2)
  15 adders
  6 river rats (Sewer)
  2 shadow imps
  2 oozes
  2 adder skeletons
  3 worms
  9 giant geckos
  15 orcs
  11 bats
  3 bat skeletons
  A bat zombie (D:6)
  6 giant cockroaches
  12 hobgoblins
  10 jackals
  5 quokkas
  13 ball pythons
  A giant gecko skeleton (D:4)
  A giant gecko zombie (D:7)
  10 giant newts
  7 goblins
  A jackal skeleton (D:4)
  14 kobolds
  35 rats
  A bush (D:5)
  3 fungi (D:5)
  2 plants (D:5)
223 creatures vanquished.

Notes
Turn   | Place    | Note
--------------------------------------------------------------
     0 | D:1      | Phipi42 the Minotaur Fighter began the quest for the Orb.
     0 | D:1      | Reached XP level 1. HP: 19/19 MP: 0/0
   297 | D:1      | Reached skill level 4 in Shields
   322 | D:1      | Reached XP level 2. HP: 24/27 MP: 1/1
   924 | D:2      | Reached XP level 3. HP: 23/33 MP: 2/2
  1224 | D:2      | Reached XP level 4. HP: 35/40 MP: 3/3
  1479 | D:2      | Gained mutation: You are occasionally teleported to nearby monsters. [potion of mutation]
  1479 | D:2      | Gained mutation: You can breathe flames. [potion of mutation]
  1479 | D:2      | Gained mutation: Your system is resistant to poisons. [potion of mutation]
  2057 | D:3      | Reached skill level 1 in Dodging
  2274 | D:3      | Reached XP level 5. HP: 44/47 MP: 4/4
  2395 | D:3      | Noticed an ice beast
  2406 | D:3      | Killed an ice beast
  2406 | D:3      | Reached skill level 5 in Shields
  2486 | D:3      | Reached XP level 6. HP: 47/53 MP: 5/5
  2889 | D:4      | Found a shattered altar of Ashenzari.
  2945 | D:4      | Found a bloodstained altar of Trog.
  2947 | D:4      | Found a glowing silver altar of Zin.
  2947 | D:4      | Found a basalt altar of Yredelemnul.
  2947 | D:4      | Found a radiant altar of Vehumet.
  2947 | D:4      | Found a shadowy altar of Dithmenos.
  2947 | D:4      | Found a white marble altar of Elyvilon.
  2948 | D:4      | Found an ancient bone altar of Kikubaaqudgha.
  3117 | D:4      | Became a worshipper of Trog the Wrathful
  3137 | D:4      | Reached skill level 5 in Armour
  3179 | D:4      | Reached skill level 6 in Shields
  3230 | D:4      | Noticed Dargon's ghost (average DrTm)
  3245 | D:4      | Killed Dargon's ghost
  3245 | D:4      | Reached skill level 1 in Polearms
  3245 | D:4      | Reached XP level 7. HP: 30/60 MP: 6/6
  3254 | D:4      | Reached skill level 7 in Shields
  3731 | D:4      | Reached skill level 5 in Fighting
  3870 | D:5      | Entered Level 5 of the Dungeon
  3942 | D:5      | Acquired Trog's first power
  4255 | D:5      | Found a staircase to the Ecumenical Temple.
  4299 | Temple   | Entered the Ecumenical Temple
  4328 | Temple   | Fell from the grace of Trog
  4328 | Temple   | Became a worshipper of Warmaster Okawaru
  4733 | D:5      | Noticed Crazy Yiuf
  4740 | D:5      | Killed Crazy Yiuf
  4825 | D:5      | Found a burning altar of Makhleb.
  4879 | D:5      | Found a sparkling altar of Nemelex Xobeh.
  5141 | D:6      | Noticed Vergil's ghost (experienced CeFi)
  5195 | D:6      | Killed Vergil's ghost
  5195 | D:6      | Reached skill level 8 in Shields
  5195 | D:6      | Reached XP level 8. HP: 32/68 MP: 7/7
  5244 | D:6      | Acquired Okawaru's first power
  5333 | D:6      | Reached skill level 5 in Dodging
  5566 | D:6      | Found a glowing drain.
  5598 | Sewer    | Entered a sewer
  6015 | Sewer    | Reached skill level 9 in Shields
  6707 | D:7      | Reached XP level 9. HP: 70/74 MP: 8/8
  6998 | D:7      | Found a sacrificial altar of Ru.
  7892 | D:7      | Slain by a two-headed ogre

Vault maps used:
D:1:      saegor_arrival_simple_b
D:2:      amalloy_card_club
D:4:      grunt_temple_overflow_open, first_bread
D:5:      kennysheep_mini, lemuel_doored_altar, minmay_temple_entry_overgrown,
          minmay_statues_item, uniq_crazy_yiuf_cottage
D:6:      portal_sewer_entry_f
D:7:      lemuel_crystal_altar
Temple:   grunt_temple_mini_profane_8
Sewer:    sewer_minmay_w

Action                   |  1- 3 |  4- 6 |  7- 9 || total
-------------------------+-------+-------+-------++-------
Melee: Long sword        |    79 |    59 |       ||   138
       Spear             |       |    87 |   461 ||   548
Invok: Burn Spellbooks   |       |       |     1 ||     1
  Use: Potion            |     1 |     2 |     4 ||     7
       Scroll            |     2 |     9 |    12 ||    23
  Eat: Fruit             |     3 |       |    15 ||    18
       Beef jerky        |       |     1 |     1 ||     2
       Bread ration      |       |     1 |     1 ||     2
       Meat ration       |       |       |     1 ||     1
